[Event "*** Titled Tuesday Blitz"]
[Site "Chess.com"]
[Date "2021.03.02"]
[Round "4"]
[White "K_A_S_T_O_R"]
[Black "pastouche06"]
[Result "1/2-1/2"]
[WhiteElo "2778"]
[BlackElo "2538"]
[TimeControl "180+1"]
[EndTime "10:40:03 PST"]
[Termination "Game drawn by agreement"]

1. e4 c6 2. c4 d5 3. cxd5 cxd5 4. exd5 Nf6 5. Qa4+ Nbd7 6. Nc3 g6 7. Bc4 Bg7 8.
d3 O-O 9. Nf3 a6 10. Qa3 b6 11.
O-O Bb7 12. Be3 b5 13. Bb3 Nb6 14. Bxb6 Qxb6 15. Qxe7 a5 16. Qe3 Qxe3 17. fxe3 a4 18. Bc2 Nxd5 19. Nxd5 Bxd5 20. d4 Rfe8 21. Rfe1 Rac8 22.
Bd3 Bxf3 23. gxf3 b4 24. Kf2 a3 25. bxa3 bxa3 26. Rac1 Rxc1 27. Rxc1 Rb8 28. Rc2 f5 29. Bc4+ Kf8 30. Bb3 f4 31. Rc7 fxe3+ 32. Kxe3 Re8+ 33.
Kd3 Re7 34. Rc8+ Re8 35. Rc4 Rd8 36. Ra4 Ke7 37. Ke4 Rd7 38. d5 Bb2 39. Ra6 Rd6 40.
Ra8 Rd8 41. Ra5 Kf6 42. f4 Re8+ 43. Kf3 Rd8 44. Ra6+ Ke7 45. Re6+ Kf7 46. d6 Kf8 47. Ke4 Re8 48. Kd5 Rxe6 49. Kxe6 Ke8 50. Bc2 Bc1 51. f5 gxf5 52. Bxf5 h6 53. h4 Kd8 54. Kf6 Bd2 55. Kg6 Bc1 56. Kf7 Bd2 57. Ke6 Bc1 58. h5 Bd2 59. Kd5 Bc1 60. Kc4 Bf4 61. d7 Bd6 62. Kd5 Bf4 63. Ke6 Bg5 64. Kf7 Bd2 65.
Kg6 Bc1 66. Kf7 Bd2 67. Ke6 Bc1 68. Kd5 Bd2 69. Kc4 Bg5 70. Kb3 Be7 71. Ka4 Bf8 72. Kb3 Be7 73. Bg4 Bf8 74. Kc4 Be7 75. Kd5 Bg5 76.
Ke6 Bd2 1/2-1/2

[Event "*** Titled Tuesday Blitz"]
[Site "Chess.com"]
[Date "2021.03.02"]
[Round "4"]
[White "Szparu"]
[Black "kleopl"]
[Result "1/2-1/2"]
[WhiteElo "2648"]
[BlackElo "2491"]
[TimeControl "180+1"]
[EndTime "10:40:03 PST"]
[Termination "Game drawn by repetition"]

1. d4 d6 2. e4 c6 3. Nf3 Bg4 4. Nc3 d5 5. exd5 cxd5 6. Bb5+ Nc6 7. h3 Bxf3 8. Qxf3 e6 9. O-O Nf6 10. Ne2 a6 11. Bd3 Bd6 12. c3 h6 13. Nf4 O-O 14. Nh5 Nxh5 15. Qxh5 Qf6 16. Be3 b5 17. f4 b4 18. g4 bxc3 19. bxc3 g6 20. Qxh6 Be7 21.
f5 exf5 22. gxf5 g5 23. Qh5 Kg7 24. h4 Rh8 25. Qxg5+ Kf8 26. Qxf6 Bxf6 27. Bg5 Rg8 28. Kf2 Bxg5 29. hxg5 Rxg5 30. Rg1 Rxg1 31. Rxg1 Rb8 32.
Rb1 Rxb1 33. Bxb1 f6 34. Ke3 Ke7 35. Kd2 Kd6 36. Kc2 Kc7 37. Kb3 Kb6 38. Bd3 Na5+ 39. Kc2 Nc6 40. Kd2 a5 41. a4 Ne7 42. Ke3 Kc7 43. Kf4 Kd8 44. Kg4 Ke8 45. Kh5 Kf7 46. Kh6 Nc8 47. c4 dxc4 48. Bxc4+ Ke7 49. Kg7 Nd6 50. Be6 Ne4 51. Kg6 Nd6 52. Bb3 Ne4 53. Bd5 Nc3 54. Bb3 Ne4 55. Be6 Nd6 56. Kh5 Ne4 57. Kg4 Nc3 58. Bb3 Kd6 59. Kh5 Ke7 60.
Kg6 Ne4 1/2-1/2

[Event "*** Titled Tuesday Blitz"]
[Site "Chess.com"]
[Date "2021.03.02"]
[Round "4"]
[White "MrChampion_Coach"]
[Black "Stouuf"]
[Result "1-0"]
[WhiteElo "2486"]
[BlackElo "2611"]
[TimeControl "180+1"]
[EndTime "10:40:03 PST"]
[Termination "MrChampion_Coach won by checkmate"]

1. d4 d6 2. e4 Nf6 3. Nc3 e5 4.
Nf3 Nbd7 5. Bc4 exd4 6. Nxd4 Nb6 7. Be2 Be7 8. O-O O-O 9. a4 a5 10. Re1 c6 11. b3 d5 12. e5 Ne8 13. Bf1 g6 14. Ba3 Bxa3 15. Rxa3 Ng7 16. Ra1 f6 17.
Qd2 fxe5 18. Rxe5 Qf6 19. Rae1 Bd7 20. Nf3 Kh8 21. Qd4 Nc8 22. Qc5 Nf5 23. R5e2 b6 24. Qa3 Ncd6 25. Ne5 Be8 26. Qa1 Nd4 27. Rd2 Ne6 28.
g3 Nc5 29. Bg2 Ra7 30. Rde2 Nf5 31. Kh1 Re7 32. f4 Kg8 33. Nxd5 cxd5 34. Bxd5+ Kg7 35. Qd1 Ne6 36. Qa1 Nc5 37. g4 Nh4 38. g5 Qxf4 39.
Ng4+ Rf6 40. gxf6+ Kf8 41. fxe7# 1-0

[Event "*** Titled Tuesday Blitz"]
[Site "Chess.com"]
[Date "2021.03.02"]
[Round "4"]
[White "hermionegrangermagic"]
[Black "JulianProleiko"]
[Result "1-0"]
[WhiteElo "2607"]
[BlackElo "2420"]
[TimeControl "180+1"]
[EndTime "10:40:03 PST"]
[Termination "hermionegrangermagic won by resignation"]

1. e4 c5 2. Nf3 d6 3. d4 cxd4 4. Nxd4 Nf6 5. Nc3 a6 6. Be3 e5 7. Nb3 Be6 8. Qd2 Nbd7 9. h3 b5 10. a3 Rc8 11. f4 Rxc3 12. Qxc3 Nxe4 13. Qc6 Qh4+ 14. Kd1 Ng3 15. Rg1 Be7 16. Qa8+ Bd8 17. Qf3 O-O 18. Nd2 Bb6 19. Bxb6 Nxb6 20. Bd3 f5 21. Qc6 Nd5 22. Qxd6 Ne3+ 23. Kc1 Bc4 24. Bxc4+ bxc4 25. Kb1 Qxf4 26. Qe6+ Kh8 27. Re1 c3 28. bxc3 Rb8+ 29. Nb3 Qf2 30. Rc1 Ne2 31. Qxe5 Rc8 32. Kb2 Nxc3 33. Qe6 Na4+ 34. Kb1 Nc3+ 35. Kb2 Na4+ 36.
Kb1 Rb8 37. Qe5 Rxb3+ 38. cxb3 h5 39. bxa4 Qe2 40. Qe8+ Kh7 41. Qe5 Kg8 42. Ra2 Qd3+ 43. Ka1 Nc4 44. Qe6+ Kh7 45. Qxc4 Qe3 46. Qc3 Qe4 47.
Rac2 Qe6 48. Qc4 Qf6+ 49. Rc3 Qg6 50. Qd4 f4 51. Qd3 1-0

[Event "*** Titled Tuesday Blitz"]
[Site "Chess.com"]
[Date "2021.03.02"]
[Round "4"]
[White "Mbneu"]
[Black "XxPetroffsxX"]
[Result "0-1"]
[WhiteElo "2287"]
[BlackElo "2153"]
[TimeControl "180+1"]
[EndTime "10:40:03 PST"]
[Termination "XxPetroffsxX won on time"]

1. d4 d5 2. c4 e6 3. Nc3 Nf6 4. Nf3 Be7 5. g3 O-O 6. Bg2 b6 7. cxd5 exd5 8. O-O Bb7 9. Bf4 a6 10. Rc1 Nbd7 11. Ne5 c5 12. a3 Ne4 13. dxc5 Nxc3 14. Rxc3 Nxe5 15. Bxe5 bxc5 16. Rd3 f6 17. Bc3 Qb6 18.
Rxd5 Rad8 19. Rxd8 Rxd8 20. Qa4 Bxg2 21. Kxg2 Qb7+ 22. Kg1 h5 23. Qh4 Qd5 24. e4 Qf7 25. Qh3 Bf8 26. Qf5 c4 27. Re1 Be7 28. Qa5 Qe6 29. Qxh5 Bf8 30. Qf5 Kf7 31. Qxe6+ Kxe6 32. f4 Rd3 33. Kg2 Bc5 34. Re2 Be3 35. Kf3 Bd2+ 36.
Kg4 Bxc3 37. bxc3 Rxc3 38. e5 f5+ 39. Kg5 Rxa3 40. g4 fxg4 41. f5+ Ke7 42. Kg6 Kf8 43.
Rd2 g3 44. h4 Rd3 0-1

[Event "*** Titled Tuesday Blitz"]
[Site "Chess.com"]
[Date "2021.03.02"]
[Round "4"]
[White "Anton_Demchenko"]
[Black "AtabayevSaparmyrat"]
[Result "1-0"]
[WhiteElo "2919"]
[BlackElo "2728"]
[TimeControl "180+1"]
[EndTime "10:40:04 PST"]
[Termination "Anton_Demchenko won on time"]

1. e4 c5 2. Nf3 d6 3. d4 cxd4 4. Qxd4 Nc6 5. Qe3 g6 6. Nc3 Bh6 7. Qd3 Bxc1 8. Rxc1 Nf6 9. Be2 Bg4 10. O-O O-O 11.
Nd5 Nxd5 12. exd5 Bxf3 13. Qxf3 Nd4 14. Qd3 Qb6 15. c3 Nxe2+ 16. Qxe2 Rfe8 17. Rfe1 e5 18. dxe6 Rxe6 19. Qd2 Rae8 20. Rxe6 Rxe6 21. b3 Qa5 22. h3 Qe5 23. c4 b6 24. Rd1 Qe2 25. g3 h5 26. h4 Qf3 27. Rf1 Re2 28. Qxd6 Rxa2 29. b4 Rc2 30. Qb8+ Kh7 31. Qxa7 Rxc4 32. Qe7 Re4 33. Qd6 Rc4 34. Re1 b5 35. Qd7 Rxb4 36.
Qd2 Rc4 37. Re3 Qc6 38. Re1 Rc2 39.
Qf4 Qc4 40. Qg5 1-0

[Event "*** Titled Tuesday Blitz"]
[Site "Chess.com"]
[Date "2021.03.02"]
[Round "4"]
[White "Azerichess"]
[Black "Goryachkina"]
[Result "0-1"]
[WhiteElo "2948"]
[BlackElo "2686"]
[TimeControl "180+1"]
[EndTime "10:40:04 PST"]
[Termination "Goryachkina won on time"]

1. d4 Nf6 2. c4 e6 3. Nc3 d5 4. cxd5 exd5 5. Bg5 c6 6. e3 h6 7.
Bh4 Be7 8. Bd3 Ne4 9. Bxe7 Qxe7 10.
Nge2 O-O 11. O-O Bf5 12. Qc2 Nxc3 13. bxc3 Bxd3 14. Qxd3 Nd7 15. c4 dxc4 16. Qxc4 c5 17. a4 cxd4 18. Nxd4 Rac8 19. Qb5 Nf6 20. Rab1 Rc7 21.
h3 Ne4 22. Rb2 Nc3 23. Qb3 Rfc8 24. Nb5 Nxb5 25. axb5 Rc1 26. Rb1 Rxf1+ 27. Rxf1 a6 28. bxa6 bxa6 29. Ra1 Qd6 30. Qb7 Rb8 31. Qa7 g6 32. g3 Rb6 33. Rc1 Kg7 34. e4 Qd4 35. e5 Rb4 36. Qe7 Rb6 37. Qa7 Rb4 38. Qxd4 Rxd4 39.
Rc7 Re4 40. f4 a5 41. Kf2 Kf8 42. Ra7 a4 43. Kf3 Rb4 0-1

[Event "*** Titled Tuesday Blitz"]
[Site "Chess.com"]
[Date "2021.03.02"]
[Round "4"]
[White "Aslanov_Umid"]
[Black "Benjoneliere44"]
[Result "1/2-1/2"]
[WhiteElo "2417"]
[BlackElo "2596"]
[TimeControl "180+1"]
[EndTime "10:40:04 PST"]
[Termination "Game drawn by repetition"]

1. e4 c5 2. Nf3 d6 3. d4 cxd4 4. Nxd4 Nf6 5. Nc3 g6 6. Be3 Bg7 7. f3 O-O 8. Qd2 Nc6 9. O-O-O d5 10. exd5 Nxd5 11. Nxc6 bxc6 12. Bd4 Bxd4 13. Qxd4 Qb6 14. Nxd5 cxd5 15. Kb1 Rd8 16. h4 Qxd4 17. Rxd4 e5 18. Rd1 Be6 19. h5 Kg7 20. hxg6 hxg6 21. g4 g5 22. Bd3 Rh8 23. Bb5 Kf6 24. Bc6 Rxh1 25. Rxh1 Rc8 26. Bb5 e4 27. fxe4 dxe4 28. Be2 Ke5 29. c3 Kf4 30. Rg1 Rh8 31. Bd1 Rh2 32. b3 e3 33. c4 f5 34. c5 fxg4 35. c6 Bf5+ 36. Kc1 e2 37. Bxe2 Rxe2 38. Rf1+ Ke5 39. Kd1 Rxa2 40. Rxf5+ Kd6 41. Rxg5 Kxc6 42. Rxg4 Kb5 43.
Kc1 Rf2 44. Kb1 a5 45. Re4 Kc5 46. Rg4 Re2 47. Rh4 Kb5 48. Rg4 Re1+ 49. Kb2 Re2+ 50. Ka3 Rd2 51. Rg5+ Kb6 52. Rg6+ Kc5 53. Rg5+ Kb6 54.
Rg6+ Kb7 55. Ka4 Ra2+ 56. Kb5 Rb2 57. Rg7+ Kc8 58. Ka4 Ra2+ 59. Kb5 Rb2 60. Kc6 Rc2+ 61. Kb5 Rb2 1/2-1/2

[Event "*** Titled Tuesday Blitz"]
[Site "Chess.com"]
[Date "2021.03.02"]
[Round "4"]
[White "Rondo_Capriccioso"]
[Black "MuhittinBuker"]
[Result "1-0"]
[WhiteElo "2479"]
[BlackElo "2120"]
[TimeControl "180+1"]
[EndTime "10:40:04 PST"]
[Termination "Rondo_Capriccioso won on time"]

1. d4 Nf6 2. c4 e6 3. Nc3 Bb4 4.
Nf3 O-O 5. Bd2 d5 6. Qc2 c6 7. e3 Nbd7 8. Bd3 dxc4 9. Bxc4 b5 10. Bd3 a6 11. a3 Be7 12. b4 Nb6 13. Ne4 h6 14. Qxc6 Ra7 15. Nxf6+ Bxf6 16. Qc2 Rc7 17. Qd1 Bb7 18. O-O Qd5 19. Rc1 Rfc8 20. Rc5 Rxc5 21. bxc5 Nc4 22. Bc1 e5 23. e4 Qd8 24. Bxc4 bxc4 25. dxe5 Be7 26. Nd2 Rxc5 27. Qe2 c3 28. Nf3 c2 29. Be3 Rc8 30. Rc1 Bxe4 31. Bb6 Bxf3 32.
Bxd8 Bxe2 33. Bxe7 Bd1 34. f3 a5 35. Kf2 Rb8 36. Ke3 Rb5 37. Bd6 g5 38. g3 Rd5 39. f4 gxf4+ 40. gxf4 f5 41. Bc7 1-0

[Event "*** Titled Tuesday Blitz"]
[Site "Chess.com"]
[Date "2021.03.02"]
[Round "4"]
[White "ChronicUnhappiness"]
[Black "superchess02"]
[Result "0-1"]
[WhiteElo "2362"]
[BlackElo "2778"]
[TimeControl "180+1"]
[EndTime "10:40:06 PST"]
[Termination "superchess02 won on time"]

1. d4 Nf6 2. c4 e6 3. Nc3 d5 4. cxd5 exd5 5. Bg5 Be7 6. e3 O-O 7. Bd3 h6 8. Bh4 b6 9. Nf3 c5 10. dxc5 bxc5 11. O-O Bb7 12. Rc1 Nbd7 13. Qe2 Re8 14.
Ba6 Qb6 15. Bxb7 Qxb7 16. Rfd1 Rab8 17. b3 d4 18. Na4 dxe3 19. Qxe3 Bd6 20. Qd3 Re6 21.
Re1 Rbe8 22. Rxe6 Rxe6 23. Bxf6 Rxf6 24. Rd1 g6 25. Qd5 Qxd5 26. Rxd5 Nb6 27. Nxb6 axb6 28. a4 Re6 29. Kf1 Kf8 30. Nd2 Ke7 31. Nc4 Bc7 32. g3 Rc6 33. Ke2 Ke6 34. Rd3 f5 35. h3 h5 36. h4 Ke7 37. f4 Re6+ 38. Re3 Rxe3+ 39.
Kxe3 Ke6 40. Kd3 Bd8 41. Ne5 Bf6 42. Nxg6 Bd4 43. Nf8+ Ke7 44. Ng6+ Kd6 45. Ke2 Bf6 46. Kd3 Kd5 47. Nf8 Kc6 48. Nh7 Bd4 49. Ke2 Kd5 0-1

[Event "*** Titled Tuesday Blitz"]
[Site "Chess.com"]
[Date "2021.03.02"]
[Round "4"]
[White "Kildepiotr"]
[Black "KetiGrant"]
[Result "1-0"]
[WhiteElo "2585"]
[BlackElo "2348"]
[TimeControl "180+1"]
[EndTime "10:40:07 PST"]
[Termination "Kildepiotr won on time"]

1. Nf3 Nf6 2. g3 g6 3. Bg2 Bg7 4. O-O O-O 5. d4 d5 6. c4 c6 7. Nc3 Ne4 8. Qb3 e6 9. Rd1 f5 10. Bf4 Nd7 11. h4 Kh8 12. Ng5 Ndf6 13. f3 Nxc3 14.
bxc3 h6 15. Nh3 Nh5 16. c5 Kh7 17. Bd6 Rg8 18. g4 Nf6 19. g5 Ne8 20. Bf4 h5 21.
Rab1 Qe7 22. Re1 e5 23. Bh2 exd4 24. cxd4 Bxd4+ 25. Kh1 Bxc5 26. Nf4 Bd6 27. e4 Qc7 28. Qe3 fxe4 29. fxe4 d4 30. Qd2 Be5 31. Rf1 Bg4 32. Bg1 Rd8 33. Nd3 Bg3 34. Nc5 b6 35. Na6 Qe7 36.
Nb4 Rd6 37. Rbc1 Bxh4 38. Nxc6 Qxg5 39. Qb4 Bg3 40. Rf7+ Rg7 41. Rxg7+ Nxg7 42. Bxd4 Qh4+ 43. Kg1 Qh2+ 44. Kf1 Bf4 45. Re1 1-0

[Event "*** Titled Tuesday Blitz"]
[Site "Chess.com"]
[Date "2021.03.02"]
[Round "4"]
[White "Shuvalov"]
[Black "GUST_b"]
[Result "1-0"]
[WhiteElo "2540"]
[BlackElo "2365"]
[TimeControl "180+1"]
[EndTime "10:40:07 PST"]
[Termination "Shuvalov won by resignation"]

1. Nf3 Nf6 2. c4 e6 3. g3 d5 4.
Bg2 Be7 5. O-O O-O 6. b3 c5 7. e3 Nc6 8. Bb2 d4 9. exd4 cxd4 10. Re1 a5 11. a3 Re8 12. d3 Bf8 13. Ne5 Nxe5 14.
Rxe5 Nd7 15. Rb5 Nc5 16. Nd2 Bd7 17. Rxc5 Bxc5 18. Bxb7 Rb8 19. Bg2 f5 20. f4 Qc7 21.
Nf3 Qb6 22. Kh1 Qxb3 23. Bxd4 Qxd1+ 24. Rxd1 Bxa3 25. Ne5 Red8 26. Ba7 Rb2 27. c5 Bc8 28. c6 Bd6 29. Nc4 Rb5 30. Bb6 Rf8 31. Bxa5 Be7 32.
Bc7 Ba6 33. Be5 Rc8 34. c7 Bb7 35. Ra1 Bxg2+ 36. Kxg2 Rxe5 37. Nxe5 Rxc7 38. Ra8+ Bf8 39. Kf3 g6 40. Ke3 Kg7 41. d4 Bd6 42. Nd3 Kf6 43.
Ra6 Be7 44. d5 Bc5+ 45. Nxc5 Rxc5 46. Rxe6+ Kf7 47. Re5 Kf6 48. Kd4 Rc2 49. d6 Rd2+ 50. Kc5 Rxh2 51. d7 Rc2+ 52. Kd6 Rd2+ 53. Kc7 Rc2+ 54. Kd8 g5 55. Ke8 Rd2 56. d8=Q+ Rxd8+ 57. Kxd8 gxf4 58. gxf4 h5 59. Re3 h4 60. Rh3 Ke6 61.
Rxh4 Kd5 62. Ke7 Ke4 63. Kf6 Kf3 64. Kxf5 1-0

[Event "*** Titled Tuesday Blitz"]
[Site "Chess.com"]
[Date "2021.03.02"]
[Round "4"]
[White "mhebden"]
[Black "AryanTari"]
[Result "0-1"]
[WhiteElo "2543"]
[BlackElo "2894"]
[TimeControl "180+1"]
[EndTime "10:40:08 PST"]
[Termination "AryanTari won by resignation"]

1. d4 d5 2. Nf3 Nf6 3. c4 e6 4.
Bg5 Be7 5. e3 h6 6. Bh4 O-O 7.
Nc3 b6 8. Bd3 dxc4 9. Bxc4 Bb7 10. O-O Nbd7 11. Bg3 a6 12. a4 c5 13. Qe2 cxd4 14.
exd4 Nh5 15. d5 Nxg3 16. hxg3 exd5 17. Bxd5 Bxd5 18. Nxd5 Re8 19. Rfd1 Bf8 20. Qf1 Ne5 21. b4 a5 22. bxa5 bxa5 23. Qb5 Nxf3+ 24. gxf3 Rb8 25. Qa6 Rb2 26. Ne3 Qg5 27. f4 Qh5 28. Qd3 Bc5 29.
Rd2 Rxd2 30. Qxd2 Bxe3 31. fxe3 Qf3 32. Qf2 Qxe3 33. Qxe3 Rxe3 34. Kf2 Re4 35. Kf3 Rb4 36. f5 h5 37. f6 g5 38. Rc1 Rxa4 39. Rc5 Rg4 40. Rxa5 Kh7 41. Ra8 Rc4 42. Rf8 Kg6 43. Rg8+ Kxf6 44. Rh8 Rc3+ 45. Kg2 Kg6 46. Rg8+ Kf5 47.
Rh8 Kg4 48. Kf2 f5 49. Rf8 Rf3+ 50. Ke2 Rxg3 51. Rxf5 Kxf5 0-1

[Event "*** Titled Tuesday Blitz"]
[Site "Chess.com"]
[Date "2021.03.02"]
[Round "4"]
[White "DvaHrasta"]
[Black "KarateBaby"]
[Result "1-0"]
[WhiteElo "2412"]
[BlackElo "2198"]
[TimeControl "180+1"]
[EndTime "10:40:08 PST"]
[Termination "DvaHrasta won by resignation"]

1. c4 g6 2. g3 Bg7 3. Bg2 Nf6 4. Nf3 O-O 5. Nc3 d6 6. O-O Nc6 7. d3 e5 8. Rb1 Re8 9. e4 a5 10. a3 Bg4 11. h3 Bxf3 12. Bxf3 Nd4 13. Bg2 c6 14. Be3 Nd7 15. b4 axb4 16. axb4 c5 17. Bxd4 exd4 18. Nd5 Nf6 19. Nxf6+ Bxf6 20. bxc5 dxc5 21.
Rxb7 Rb8 22. Qb3 Rxb7 23. Qxb7 Qe7 24. Rb1 Qxb7 25. Rxb7 Be7 26. e5 Kf8 27. Bd5 Ra8 28.
Kg2 Ra3 29. Be4 Ra6 30. Rb8+ Kg7 31. Re8 Ra7 32. h4 h5 33. f4 Rc7 34. Kf3 Bf8 35.
g4 hxg4+ 36. Kxg4 Be7 37. h5 gxh5+ 38. Kxh5 Rd7 39. Bd5 Ra7 40. f5 f6 41. e6 Rc7 42.
Kg4 Bd6 43. Kf3 Re7 44. Rd8 Be5 45. Ke4 Bh2 46. Bc6 Be5 47. Kd5 Kh6 48. Rg8 Bf4 49. Kxc5 Be5 50. Bd7 Kh5 51. Kb6 Kh4 52. c5 Bf4 53. c6 Be5 54. c7 Rh7 1-0

[Event "*** Titled Tuesday Blitz"]
[Site "Chess.com"]
[Date "2021.03.02"]
[Round "4"]
[White "ViditYT"]
[Black "IriBu"]
[Result "1-0"]
[WhiteElo "2968"]
[BlackElo "2551"]
[TimeControl "180+1"]
[EndTime "10:40:09 PST"]
[Termination "ViditYT won by resignation"]

1. d4 Nf6 2. c4 e6 3. Nc3 Bb4 4. e3 O-O 5. Bd2 c5 6. a3 Bxc3 7. Bxc3 Ne4 8. Ne2 b6 9. d5 exd5 10. Qxd5 Nxc3 11. Nxc3 Nc6 12. Rd1 Qe7 13. Be2 Rd8 14. Nb5 Rb8 15. Nd6 Bb7 16. Nxb7 Rxb7 17. O-O Rbb8 18. Rd2 Ne5 19. Rfd1 d6 20. h3 h6 21. Qe4 Qc7 22. Rd5 a6 23. Qc2 b5 24.
cxb5 axb5 25. Qd2 Nc4 26. Qc2 Nb6 27. R5d2 c4 28. Bf3 Rbc8 29. Rd4 Na4 30. Bd5 Nb6 31. Be4 Na4 32. Bf5 Rb8 33. Qc1 Nc5 34. Bc2 Rb6 35.
Qd2 Qe7 36. Rd5 Qc7 37. Qd4 Ne6 38. Qg4 b4 39. a4 b3 40. Bf5 Nf8 41. Qd4 Rc6 42.
Qc3 Ra8 43. a5 Rc5 44. Be4 Rxd5 45. Rxd5 Ra6 46. Rb5 Ne6 47. Bd5 Nc5 48. Bxc4 Ra7 49. Bxb3 Nxb3 50. Qxc7 Rxc7 51. Rxb3 Kf8 52. a6 Ra7 53. Rb8+ 1-0

[Event "*** Titled Tuesday Blitz"]
[Site "Chess.com"]
[Date "2021.03.02"]
[Round "4"]
[White "ukchessbomber"]
[Black "sau6on"]
[Result "1-0"]
[WhiteElo "2534"]
[BlackElo "2559"]
[TimeControl "180+1"]
[EndTime "10:40:09 PST"]
[Termination "ukchessbomber won on time"]

1. d4 d5 2. c4 Nc6 3. Nf3 Bg4 4. cxd5 Bxf3 5. exf3 Qxd5 6. Be3 e5 7. Nc3 Bb4 8.
dxe5 Qxe5 9. Be2 Bxc3+ 10. bxc3 Qxc3+ 11. Bd2 Qf6 12. O-O Nge7 13. Qb1 b6 14. a4 Nd4 15. Bd3 h6 16. Bc3 O-O 17. Qb2 c5 18. Be4 Rad8 19.
Kh1 Nec6 20. a5 b5 21. Rac1 b4 22. Bd2 Qd6 23. a6 Ne5 24. Bf4 Rb8 25. Rfe1 f6 26.
Bb7 Rf7 27. Qa2 Kf8 28. Red1 Rd8 29. Qa5 Rc7 30. Be4 c4 31. Bd2 c3 32. Be3 Nc4 33.
Rxd4 Nxa5 34. Rxd6 Rxd6 35. Bf4 Rdd7 36. Bf5 b3 37. h3 b2 38. Rb1 Rd2 39. Re1 Rxf2 40.
Bg6 Re7 41. Bd6 Nc6 42. Bxe7+ Nxe7 43. Rd1 Nc6 44. Re1 Ne5 45. Bb1 1-0

[Event "*** Titled Tuesday Blitz"]
[Site "Chess.com"]
[Date "2021.03.02"]
[Round "4"]
[White "AttackSparrow"]
[Black "German_Bazeev"]
[Result "0-1"]
[WhiteElo "2544"]
[BlackElo "2731"]
[TimeControl "180+1"]
[EndTime "10:40:10 PST"]
[Termination "German_Bazeev won on time"]

1. e4 c6 2. d4 d5 3. exd5 cxd5 4. c4 Nf6 5. Nc3 e6 6. Nf3 Nc6 7. cxd5 Nxd5 8. Bd3 Bb4 9. Qc2 Bd7 10. O-O Bxc3 11. bxc3 Rc8 12. Qd2 Qa5 13. Bb2 Nb6 14. a4 O-O 15. Rfe1 Rfe8 16. Ne5 Nxe5 17. Rxe5 Nd5 18. Qe2 Qb6 19. a5 Qc7 20. Qd2 Qd8 21. c4 Nf6 22. h3 Bc6 23. Rae1 Qd6 24. Bc3 Red8 25. Rg5 h6 26.
Rg3 Nh5 27. Rg4 f5 28. Rh4 Nf6 29. d5 Nxd5 30. cxd5 Qxd5 31. Bf1 Qxd2 32. Bxd2 Rxd2 33. Kh2 Rd6 34. Rc4 Kf7 35. Rc5 Rcd8 36. Rce5 a6 37. f4 Bd5 38. Bd3 Rc6 39. R1e2 Rc3 40. Rd2 Bc6 41.
Re3 Kf6 42. g4 Bb5 43. g5+ hxg5 44. fxg5+ Ke7 45. Bxf5 Rxd2+ 0-1

[Event "*** Titled Tuesday Blitz"]
[Site "Chess.com"]
[Date "2021.03.02"]
[Round "4"]
[White "Kretov_Evgenij"]
[Black "MFguimaraes"]
[Result "1-0"]
[WhiteElo "2594"]
[BlackElo "2405"]
[TimeControl "180+1"]
[EndTime "10:40:10 PST"]
[Termination "Kretov_Evgenij won by resignation"]

1. d4 d5 2. c4 e6 3. Nc3 Nf6 4.
cxd5 exd5 5. Bg5 Be7 6. e3 c6 7. Bd3 Nbd7 8. Qc2 Nf8 9. Nf3 Ne6 10. Bh4 g6 11. Ne5 Nd7 12. Bxe7 Qxe7 13. f4 Nxe5 14.
dxe5 f6 15. O-O O-O 16. e4 Qc5+ 17. Kh1 d4 18. f5 Nc7 19. exf6 dxc3 20. Qb3+ Kh8 21.
fxg6 hxg6 22. Rf4 g5 23. Rf3 Be6 24. Qxb7 Qb6 25. Qxb6 axb6 26. bxc3 Rxa2 27. Rxa2 Bxa2 28. Rh3+ Kg8 29. e5 Be6 30. Rh5 Ra8 31. Rxg5+ Kf8 32.
h4 Bf7 33. h5 Ne6 34. Rf5 Ra1+ 35. Kh2 Rd1 36. Be4 Rc1 37. g4 Rxc3 38. h6 Bg6 39.
Rf3 Rxf3 40. Bxf3 c5 41. Bd5 Nf4 42. Bb3 b5 43. e6 c4 44. e7+ Ke8 45. Bd1 Nd5 46.
g5 c3 47. Bh5 Nf4 48. h7 c2 49. h8=Q+ Kd7 50. Qd8+ Ke6 51. Qc8+ Ke5 52. Bxg6 Nxg6 53.
e8=Q+ 1-0

[Event "*** Titled Tuesday Blitz"]
[Site "Chess.com"]
[Date "2021.03.02"]
[Round "4"]
[White "Grammnik"]
[Black "Bayernbk"]
[Result "0-1"]
[WhiteElo "2373"]
[BlackElo "2544"]
[TimeControl "180+1"]
[EndTime "10:40:10 PST"]
[Termination "Bayernbk won by resignation"]

1. d4 Nf6 2. Nf3 e6 3. c4 d5 4. Nc3 c5 5. cxd5 Nxd5 6. e4 Nxc3 7. bxc3 cxd4 8. cxd4 Bb4+ 9. Bd2 Bxd2+ 10. Qxd2 O-O 11.
Bc4 Nc6 12. O-O b6 13. Rad1 Bb7 14. Rfe1 Rc8 15. d5 Na5 16. Bd3 exd5 17. e5 Nc4 18. Qf4 Nb2 19. Bxh7+ Kxh7 20. Rb1 Rc4 21. Qf5+ g6 22.
Qh3+ Kg7 23. Rxb2 Bc8 24. Qg3 Rg4 25. e6 Rxg3 26. e7 Rxg2+ 27. Kxg2 Qd7 28. exf8=Q+ Kxf8 29. Rb3 Qg4+ 30. Kf1 Ba6+ 31. Re2 Bxe2+ 32. Kxe2 Qe4+ 33.
Kd2 Qf4+ 34. Ke2 a5 35. Rd3 b5 36. Rd4 Qf5 37. Ke3 b4 38. Nd2 Qc2 39. Rxd5 Qxa2 40.
Rd8+ Ke7 41. Rd4 f5 42. f4 b3 43. Rd5 a4 44. Rb5 Qc2 45. Nf3 Qc3+ 46. Kf2 b2 47. Kg3 a3 48. Rb7+ Kd8 49. Rb8+ Kc7 50. Rb5 a2 51. h4 b1=Q 0-1

[Event "*** Titled Tuesday Blitz"]
[Site "Chess.com"]
[Date "2021.03.02"]
[Round "4"]
[White "Yaryi_sergey"]
[Black "maheswaran26"]
[Result "1-0"]
[WhiteElo "2490"]
[BlackElo "2263"]
[TimeControl "180+1"]
[EndTime "10:40:10 PST"]
[Termination "Yaryi_sergey won on time"]

1. e4 c6 2. d3 d5 3. Nc3 Nf6 4. Be2 e6 5. Nf3 Bb4 6. e5 Nfd7 7.
a3 Be7 8. h4 c5 9. Bf4 Nc6 10.
h5 h6 11. Qd2 a6 12. Nd1 b5 13. Ne3 Bb7 14. Ng4 Nd4 15. Bd1 Nf5 16. d4 cxd4 17.
Nxd4 Nxd4 18. Qxd4 Bg5 19. Bg3 Qb6 20. c3 Qxd4 21.
cxd4 Rc8 22. f4 Bd8 23. Ne3 Bb6 24. Nc2 f5 25. Bf2 Kf7 26. Kd2 Nb8 27. Rh3 Nc6 28.
b4 a5 29. Be2 axb4 30. axb4 Ra8 31.
Rha3 Rxa3 32. Nxa3 Bxd4 33. Bxd4 Nxd4 34. Ke3 Nc6 35.
Nxb5 Ke7 36. Nd6 Ra8 37. Rxa8 Bxa8 38. b5 Na5 39. b6 Kd7 40. Bb5+ Bc6 41. Ba6 1-0

[Event "*** Titled Tuesday Blitz"]
[Site "Chess.com"]
[Date "2021.03.02"]
[Round "4"]
[White "louis198"]
[Black "Natalya_Buksa"]
[Result "0-1"]
[WhiteElo "2634"]
[BlackElo "2494"]
[TimeControl "180+1"]
[EndTime "10:40:11 PST"]
[Termination "Natalya_Buksa won by resignation"]

1. d4 d5 2. c4 e6 3. Nc3 Nf6 4. Bg5 Be7 5. e3 h6 6. Bh4 O-O 7. Nf3 Ne4 8. Bxe7 Qxe7 9. Bd3 Nxc3 10. bxc3 dxc4 11. Bxc4 b6 12. O-O Bb7 13. a4 Nd7 14. a5 c5 15. Qe2 Rfd8 16. Rfb1 Be4 17. Rb2 bxa5 18. Rxa5 Nb6 19. Nd2 Nxc4 20. Qxc4 cxd4 21.
Nxe4 dxc3 22. Rb1 Rac8 23. Rc5 Rxc5 24. Nxc5 Rc8 25. Rb5 Qd6 26. Ra5 Qd1+ 27. Qf1 c2 28. Ra1 Qxf1+ 29. Kxf1 Rxc5 30. Rc1 Kf8 31. Ke2 Ke7 32.
Kd3 Kd6 33. f3 f5 34. g3 g5 35. Kd4 Rc8 36. Kd3 e5 37. h3 Rc5 38. f4 exf4 39.
gxf4 gxf4 40. exf4 Ke6 41. Kd4 Rc8 42. Kd3 Kf6 43.
Kd2 a5 44. Rxc2 Rxc2+ 45. Kxc2 Kg6 46. Kb3 Kh5 47. Kc4 Kh4 48. Kd5 Kxh3 49. Ke5 a4 50.
Kxf5 a3 51. Kg6 a2 52. f5 a1=Q 53. f6 Qxf6+ 54. Kxf6 h5 55. Kg5 h4 56. Kf4 Kg2 0-1

[Event "*** Titled Tuesday Blitz"]
[Site "Chess.com"]
[Date "2021.03.02"]
[Round "4"]
[White "mishanick"]
[Black "Gabrielian_Artur"]
[Result "1-0"]
[WhiteElo "3019"]
[BlackElo "2787"]
[TimeControl "180+1"]
[EndTime "10:40:12 PST"]
[Termination "mishanick won on time"]

1. c4 Nf6 2. Nc3 g6 3. d4 Bg7 4.
e4 O-O 5. Be2 d6 6. Be3 c5 7. d5 e6 8. Nf3 Re8 9. Nd2 Nbd7 10.
O-O a6 11. dxe6 Rxe6 12. f4 Re8 13. Bf3 Rb8 14. a4 b6 15. Qc2 Bb7 16. Rae1 Qc7 17. Bf2 Bc6 18. b3 Re7 19. Bg3 Rbe8 20. Re2 h5 21. Bh4 Qb7 22. Qd3 Re6 23. Kh1 Nh7 24. Nd5 Ndf6 25. Rfe1 b5 26. h3 bxa4 27. bxa4 Nd7 28.
Nb1 g5 29. fxg5 Ne5 30. Qc2 Ng6 31. Bg3 h4 32. Bh2 Nxg5 33. Bg4 Re5 34. Nd2 Bxd5 35. cxd5 Qb4 36. Bxe5 Nxe5 37. Rb1 Qd4 38. Nf3 Nexf3 39.
Bxf3 Qe5 40. Bg4 Qg3 41. Qb3 Qf4 42. g3 hxg3 43. Kg2 Nxe4 44. Rf1 Qe5 45. Qf3 Re7 46. Bf5 1-0